 Dungeon Crawl Stone Soup version 0.24-a0-584-g9d6b971ae4 (webtiles) character file.

Game seed: 6943588267675567211, levelgen mode: deterministic

20368 Arang the Cleaver (level 12, -3/93 HPs)
             Began as a Demonspawn Fighter on Sept 5, 2019.
             Was the Champion of Cheibriados.
             Shot with an arrow by a centaur warrior (7 damage)
             ... on level 13 of the Dungeon.
             The game lasted 00:33:35 (14054 turns).

Arang the Cleaver (Demonspawn Fighter)             Turns: 14054, Time: 00:33:35

Health: -3/93      AC: 15    Str: 35    XL:     12   Next: 44%
Magic:  0/27       EV: 14    Int: 26    God:    Cheibriados [******]
Gold:   1429       SH: 14    Dex: 26    Spells: 10/11 levels left

rFire    + + .     SeeInvis .   a - +1 hand axe (flame)
rCold    + . .     Gourm    .   c - +0 shield
rNeg     . . .     Faith    .   D - +1 chain mail {rPois}
rPois    +         Spirit   +   T - +2 helmet
rElec    .         Reflect  .   I - scarf {rC+ rF+}
rCorr    .         Harm     .   y - +0 pair of gloves
MR       .....                  U - +0 pair of boots
Stlth    ..........             i - amulet of guardian spirit
HPRegen  0.25/turn              W - +3 ring of evasion
MPRegen  0.20/turn              h - ring of magical power

@: lethally poisoned (-3 -> -6), very slow
A: talons 2, repulsion field 2, blink, clumsy 1, deformed body, demonic guardian
2, fire resistance 1, foul stench 2, evolution 1, rot immunity
a: Blink, Bend Time, Temporal Distortion, Slouch, Step From Time, Renounce
Religion


You were on level 13 of the Dungeon.
You worshipped Cheibriados.
Cheibriados was exalted by your worship.
You were not hungry.

You visited 2 branches of the dungeon, and saw 14 of its levels.

You collected 1429 gold pieces.

Inventory:

Hand Weapons
 a - a +1 hand axe of flaming (weapon)
 t - a +0 flail of crushing
 B - a +0 war axe
 K - a +1 mace of venom
Missiles
 u - 26 boomerangs (quivered)
 F - 19 poisoned darts
 P - 7 curare-tipped darts
Armour
 c - a +0 shield (worn)
 y - a +0 pair of gloves (worn)
 D - a +1 chain mail of poison resistance (worn)
 I - a scarf of resistance (worn)
 T - a +2 helmet (worn)
 U - a +0 pair of boots (worn)
Magical Staves
 M - an uncursed staff of power {unknown}
Jewellery
 h - a ring of magical power (right hand)
 i - an amulet of guardian spirit (around neck)
 G - an uncursed ring of wizardry
 S - a +5 ring of strength
 W - a +3 ring of evasion (left hand)
Wands
 r - a wand of flame (19)
 x - a wand of digging (4)
 L - a wand of polymorph (12)
 X - a wand of paralysis (4)
Scrolls
 b - a scroll of acquirement {unknown}
 e - 8 scrolls of teleportation
 g - 2 scrolls of noise
 j - 3 scrolls of amnesia
 m - a scroll of fear {unknown}
 n - a scroll of blinking {unknown}
 o - a scroll of magic mapping {unknown}
 v - 2 scrolls of enchant armour {unknown}
 C - 2 scrolls of random uselessness {unknown}
 H - a scroll of torment {unknown}
 J - 2 scrolls of immolation {unknown}
 N - a scroll of holy word {unknown}
 O - a scroll of enchant weapon {unknown}
 Q - 2 scrolls of identify
Potions
 d - 6 potions of might
 k - a potion of heal wounds
 l - 3 potions of brilliance
 p - a potion of resistance
 q - 8 potions of curing
 w - 3 potions of magic
 z - a potion of invisibility
 A - 3 potions of flight
 E - 2 potions of mutation
 R - a potion of lignification
Miscellaneous
 V - a sack of spiders
Comestibles
 f - 25 rations
 s - 8 chunks of flesh


   Skills:
 + Level 8.2 Fighting
 + Level 11.3 Axes
 + Level 2.4 Throwing
 + Level 10.2 Armour
 - Level 0.1 Dodging
 - Level 0.5 Stealth
 + Level 7.5 Shields
 - Level 9.2 Invocations


You had 10 spell levels left.
You knew the following spells:

 Your Spells              Type           Power        Failure   Level  Hunger
a - Confusing Touch       Hex            #.....       73%         1    ##.....

Your spell library contained the following spells:

 Spells                   Type           Power        Failure   Level  Hunger
 Animate Skeleton         Necr           N/A          73%         1    ##.....
 Apportation              Tloc           #.....       73%         1    ##.....
 Beastly Appendage        Tmut           #.....       73%         1    ##.....
 Summon Butterflies       Summ           #.......     73%         1    ##.....
 Summon Small Mammal      Summ           #...         73%         1    ##.....
 Ensorcelled Hibernation  Hex/Ice        #.....       86%         2    ###....
 Sticks to Snakes         Tmut           #.......     86%         2    ###....
 Lesser Beckoning         Tloc           #.........   97%         3    ####...
 Spider Form              Tmut/Pois      #.........   97%         3    ####...
 Tukima's Dance           Hex            #.......     97%         3    ####...
 Ice Form                 Ice/Tmut       #.......     100%        4    #####..
 Alistair's Intoxication  Tmut/Pois      #.......     100%        5    ######.
 Blade Hands              Tmut           #.........   100%        5    ######.
 Borgnjor's Vile Clutch   Necr/Erth      #.........   100%        5    ######.
 Silence                  Hex/Air        #.........   100%        5    ######.
 Darkness                 Hex            #.........   100%        6    #######
 Invisibility             Hex            #.......     100%        6    #######
 Shadow Creatures         Summ           N/A          100%        6    #######


Dungeon Overview and Level Annotations

Branches:
Dungeon (13/15)            Temple (1/1) D:6            Lair (0/6) D:10
    Orc (0/2) D:10
 Vaults: D:13-14

Altars:
Ashenzari
Cheibriados
Dithmenos
Elyvilon
Fedhas
Gozag
Hepliaklqana
Kikubaaqudgha
Makhleb
Nemelex Xobeh
Okawaru
Qazlal
Ru
Sif Muna
Trog
Uskayaw
Vehumet
Wu Jian
Xom
Yredelemnul
Zin
The Shining One

Shops:
D:11 [(

Annotations:
D:2 2 transporters
D:8 2 transporters, 1player's ghost, novice GrFi


Innate Abilities, Weirdness & Mutations

You have razor-sharp toenails.
You are surrounded by a moderate repulsion field. (EV +3)
A demonic guardian rushes to your aid.
You frequently emit foul miasma when damaged in melee.
You are immune to rotting.
You can translocate small distances at will.
You are clumsy. (Dex -2)
Armour fits poorly on your strangely shaped body.
Your flesh is heat resistant. (rF+)
You evolve.


Message History

The arrow completely misses you.
The centaur warrior shoots an arrow.
You block the arrow.
The centaur warrior shoots an arrow.
The arrow closely misses you.
A worker ant comes into view.
You see here an arrow.
You feel sick.
The centaur warrior shoots an arrow.
You block the arrow.
The centaur warrior shoots an arrow.
The arrow closely misses you.
The centaur warrior shoots an arrow.
The arrow hits you!
* * * LOW HITPOINT WARNING * * *
The worker ant moves out of view.
You see here 3 arrows.
You feel sick.
The centaur warrior shoots an arrow.
The arrow hits you!
* * * LOW HITPOINT WARNING * * *
x2 The centaur warrior shoots an arrow.
You block the arrow.
The centaur warrior shoots an arrow.
You block the arrow.
You see here 4 arrows.
You feel sick.
The centaur warrior shoots an arrow.
The arrow hits you!
* * * LOW HITPOINT WARNING * * *
x2 The centaur warrior shoots an arrow.
The arrow hits you!
You die...

.yc....hc#
c#.#.#a#c#
...##.# #.# #(#
#.# #(# ###.#
#(# # #...# #(#
.###.##.#รท###(#
#
............@.#
# ######.#######
# #.# # #.# #
#.# # #.#
###########.#
............#
#############


You could see a centaur warrior.

Vanquished Creatures
  2 hydras
  A catoblepas (D:12)
  3 skeletal warriors (D:12)
  An orc knight (D:12)
  A manticore (shapeshifter) (D:12)
  A manticore (D:13)
  An ugly thing (D:12)
  2 cyclopes
  A gargoyle (D:11)
  A komodo dragon (D:13)
  A meliai (D:13)
  2 trolls (D:11)
  A hornet (D:12)
  4 hippogriffs
  2 slime creatures
  A spriggan (D:10)
  A shadow (D:11)
  A wraith (D:11)
  6 yaks (D:13)
  4 hungry ghosts
  2 acid dragons (D:12)
  A water moccasin (D:7)
  4 ice beasts
  3 orc warriors
  A phantom (D:11)
  2 black bears
  A sky beast (D:6)
  6 ogres
  6 centaurs
  A crocodile (D:12)
  3 big kobolds
  5 bullfrogs
  A wyvern zombie (D:12)
  13 killer bees
  2 scorpions
  4 wights (D:11)
  6 howler monkeys
  3 bullfrog zombies
  7 crimson imps
  3 centaur zombies
  8 hounds
  A jelly (D:6)
  6 centaur skeletons
  2 orc priests
  8 orc wizards
  3 bullfrog skeletons
  4 iguanas
  8 worker ants
  Terence (D:2)
  A hound zombie (D:11)
  2 hound skeletons
  A worker ant zombie (D:5)
  3 gnolls
  A howler monkey skeleton (D:4)
  9 adders
  2 shadow imps
  2 oozes
  3 adder skeletons
  A worm (D:3)
  3 dart slugs
  8 leopard geckos
  41 orcs
  3 ball pythons
  9 giant cockroaches
  6 goblins
  7 hobgoblins
  6 jackals
  37 kobolds
  8 quokkas
  8 bats
  8 frilled lizards
  A leopard gecko skeleton (D:5)
  A quokka skeleton (D:4)
  9 rats
332 creatures vanquished.

Vanquished Creatures (collateral kills)
  A hydra (D:12)
  3 two-headed ogres
  Nergalle (D:10)
  2 skeletal warriors
  An ugly thing (D:13)
  A cyclops (D:12)
  A gargoyle (D:11)
  A troll (D:11)
  Prince Ribbit (D:7)
  2 slime creatures (D:9)
  A hungry ghost (D:2)
  Menkaure (D:5)
  2 ogres
  2 necrophages
  3 centaurs
  3 big kobolds
  2 killer bees (D:11)
  A howler monkey (D:5)
  2 crimson imps (D:6)
  2 hounds (D:5)
  An orc wizard (D:12)
  2 orc priests (D:5)
  An iguana (D:10)
  2 worker ants
  An orc (D:6)
  4 kobolds (D:10)
44 creatures vanquished.

Vanquished Creatures (others)
  6 plants (D:8)
6 creatures vanquished.

Grand Total: 382 creatures vanquished

Notes
Turn   | Place    | Note
-------+----------+-------------------------------------------
     0 | D:1      | Arang the Demonspawn Fighter began the quest for the Orb.
     0 | D:1      | Reached XP level 1. HP: 18/18 MP: 1/1
    45 | D:1      | Gained mutation: You are surrounded by a mild repulsion
                  | field. (EV +2) [demonic ancestry]
    45 | D:1      | Reached XP level 2. HP: 24/24 MP: 2/2
   156 | D:1      | Reached skill level 2 in Axes
   650 | D:1      | Gained mutation: A weak demonic guardian rushes to your
                  | aid. [demonic ancestry]
   650 | D:1      | Reached XP level 3. HP: 29/29 MP: 3/3
  1326 | D:1      | Gained mutation: You are immune to rotting. [demonic
                  | ancestry]
  1326 | D:1      | Reached XP level 4. HP: 31/35 MP: 4/4
  1524 | D:2      | Noticed Terence
  1530 | D:2      | Killed Terence
  1530 | D:2      | Reached skill level 3 in Axes
  1741 | D:2      | Found a transporter.
  1741 | D:2      | Noticed an orc warrior
  1744 | D:2      | Found an iron altar of Okawaru.
  1745 | D:2      | Found a transporter.
  1746 | D:2      | Found a glowing silver altar of Zin.
  1798 | D:2      | Noticed a hungry ghost
  1814 | D:2      | Killed a hungry ghost
  1814 | D:2      | Gained mutation: A demonic guardian rushes to your aid.
                  | [demonic ancestry]
  1814 | D:2      | Reached XP level 5. HP: 42/42 MP: 5/5
  2119 | D:2      | Reached skill level 4 in Axes
  2120 | D:2      | Found a sacrificial altar of Ru.
  2695 | D:3      | Reached XP level 6. HP: 48/48 MP: 6/6
  2772 | D:3      | Found a faded altar of an unknown god.
  2960 | D:4      | Reached skill level 5 in Axes
  3364 | D:4      | Gained mutation: You have sharp toenails. [demonic
                  | ancestry]
  3364 | D:4      | Reached XP level 7. HP: 54/54 MP: 7/7
  3625 | D:5      | Entered Level 5 of the Dungeon
  3717 | D:5      | Noticed Menkaure
  3726 | D:5      | Killed Menkaure
  3726 | D:5      | Reached skill level 6 in Axes
  4256 | D:6      | Gained mutation: You may emit foul miasma when damaged in
                  | melee. [demonic ancestry]
  4256 | D:6      | Reached XP level 8. HP: 60/61 MP: 8/8
  4364 | D:6      | Found a staircase to the Ecumenical Temple.
  4393 | D:6      | Reached skill level 5 in Armour
  4444 | D:6      | Reached skill level 5 in Fighting
  4444 | D:6      | Reached skill level 7 in Axes
  4677 | Temple   | Entered the Ecumenical Temple
  4821 | Temple   | Became a worshipper of Cheibriados the Contemplative
  5348 | D:7      | Reached skill level 1 in Throwing
  5388 | D:7      | Noticed Prince Ribbit
  5394 | D:7      | Killed Prince Ribbit
  5394 | D:7      | Reached skill level 8 in Axes
  5656 | D:7      | Gained mutation: You have razor-sharp toenails. [demonic
                  | ancestry]
  5656 | D:7      | Reached XP level 9. HP: 68/68 MP: 9/9
  5885 | D:8      | Found a stormy altar of Qazlal.
  5902 | D:8      | Reached * piety under Cheibriados
  6562 | D:8      | Found a transporter.
  6609 | D:8      | Found a transporter.
  6613 | D:8      | Identified the ring of Qoreh {-Tele rN+ MR+ Str+2}
  6632 | D:8      | Noticed 1player's ghost (novice GrFi)
  6674 | D:8      | Identified the +7 spear of Makhleb's Generosity {elec,
                  | Dex+5 SInv}
  6674 | D:8      | Identified the +5 scale mail of the Dungeon {rElec rF- rC-
                  | Regen+}
  6882 | D:9      | Reached skill level 1 in Invocations
  6967 | D:9      | Reached ** piety under Cheibriados
  7106 | D:9      | Reached skill level 9 in Axes
  7118 | D:9      | Gained mutation: You evolve. [potion of mutation]
  7118 | D:9      | Gained mutation: Armour fits poorly on your strangely
                  | shaped body. [potion of mutation]
  7118 | D:9      | Gained mutation: You can translocate small distances at
                  | will. [potion of mutation]
  7405 | D:9      | Found a shimmering blue altar of Sif Muna.
  7649 | D:10     | Entered Level 10 of the Dungeon
  7803 | D:10     | Noticed Nergalle
  7805 | D:10     | Reached *** piety under Cheibriados
  7808 | D:10     | Killed Nergalle
  7808 | D:10     | Gained mutation: You are surrounded by a moderate repulsion
                  | field. (EV +3) [demonic ancestry]
  7808 | D:10     | Reached XP level 10. HP: 77/77 MP: 12/12
  7812 | D:10     | Found a staircase to the Orcish Mines.
  8016 | D:10     | Found a staircase to the Lair.
  8265 | D:10     | Noticed a two-headed ogre
  8280 | D:10     | Reached **** piety under Cheibriados
  8285 | D:10     | Killed a two-headed ogre
  8493 | D:10     | Reached skill level 5 in Invocations
  8549 | D:10     | Noticed a two-headed ogre
  8555 | D:10     | Killed a two-headed ogre
  8555 | D:10     | Reached skill level 5 in Shields
  8626 | D:11     | Noticed an eight-headed hydra
  8641 | D:10     | Killed a seven-headed hydra
  9027 | D:11     | Noticed a gargoyle
  9034 | D:11     | Killed a gargoyle
  9304 | D:11     | Found Purelaun's Armour Shop.
  9460 | D:11     | Gained mutation: You are clumsy. (Dex -2) [evolution]
  9582 | D:11     | Noticed a gargoyle
  9589 | D:11     | Killed a gargoyle
  9589 | D:11     | Reached ***** piety under Cheibriados
  9864 | D:11     | Found a glowing silver altar of Zin.
 10199 | D:11     | Reached XP level 11. HP: 84/84 MP: 15/15
 10238 | D:11     | Reached skill level 10 in Axes
 10348 | D:11     | Found Zanuh's Weapon Shoppe.
 10933 | D:12     | Noticed a two-headed ogre
 10936 | D:12     | Killed a two-headed ogre
 11411 | D:12     | Noticed a five-headed hydra
 11421 | D:12     | Killed a four-headed hydra
 12357 | D:12     | Noticed a four-headed hydra
 12361 | D:12     | Killed a three-headed hydra
 12508 | D:12     | Learned a level 1 spell: Confusing Touch
 12520 | D:12     | Noticed a catoblepas
 12520 | D:12     | Noticed an orc knight
 12528 | D:12     | Killed a catoblepas
 12540 | D:12     | Killed an orc knight
 12915 | D:13     | Noticed a skeletal warrior
 12915 | D:13     | Noticed a skeletal warrior
 12915 | D:13     | Noticed a skeletal warrior
 12915 | D:13     | Noticed a skeletal warrior
 12939 | D:12     | Killed a skeletal warrior
 13128 | D:12     | Killed a skeletal warrior
 13128 | D:12     | Gained mutation: You frequently emit foul miasma when
                  | damaged in melee. [demonic ancestry]
 13128 | D:12     | Reached XP level 12. HP: 78/92 MP: 18/18
 13206 | D:12     | Gained mutation: Your flesh is heat resistant. (rF+)
                  | [evolution]
 13327 | D:12     | Reached ****** piety under Cheibriados
 13327 | D:12     | Reached skill level 10 in Armour
 13677 | D:13     | Reached skill level 11 in Axes
 14038 | D:13     | Noticed a centaur warrior
 14040 | D:13     | Noticed a centaur warrior
 14054 | D:13     | HP: 4/93 [centaur warrior/arrow (2)]
 14054 | D:13     | Shot with an arrow by a centaur warrior

Levels and vault maps discovered:
D:1:      saegor_arrival_simple_a, layout_loops_corners, minmay_heptomino_l4
D:2:      layout_loops_corners, marbit_many_paths,
          gammafunk_temple_overflow_arena, first_ration, uniq_terence
D:3:      minmay_chambers_of_twos, layout_basic,
          chequers_ecumenical_altar_simple,
          hangedman_abyss_or_decor_lesser_grid, grunt_decor_mini_mirrors
D:4:      layout_basic
D:5:      layout_rooms, uniq_menkaure
D:6:      layout_rooms, minmay_temple_entry_arrows
D:7:      layout_basic, uniq_prince_ribbit1
D:8:      layout_gridville, nicolae_overflow_crystal_walls,
          gammafunk_ghost_gnarly_gnolls
D:9:      layout_loops_ring, lemuel_round_altar
D:10:     layout_rooms, lair_entry_dummy, grunt_pizzeria, uniq_nergalle
D:11:     layout_stronghold, serial_shops, kennysheep_little_box, shop,
          basic_altar
D:12:     four-leaf_vault, layout_stronghold
D:13:     layout_loops_ring, makhleb_altar_promises_db
Temple:   minmay_crystal_spiral_temple

Skill      XL: |  1  2  3  4  5  6  7  8  9 10 11 12 |
---------------+-------------------------------------+-----
Armour         | 3 4 5 6 8 9 10 | 10.2
Axes           | 2 3 4 5 6 8 9 10 11 | 11.3
Fighting       | 4 5 6 7 8 |  8.2
Throwing       | 1 2 |  2.4
Shields        | 3 4 5 6 7 |  7.5
Invocations    | 3 6 8 9 |  9.2
Dodging        | |  0.1
Stealth        | |  0.5

Action                   |  1- 3 |  4- 6 |  7- 9 | 10-12 || total
-------------------------+-------+-------+-------+-------++-------
Melee: War axe           |    95 |   202 |       |       ||   297
       Hand axe          |       |    14 |   399 |   503 ||   916
       Kick              |       |       |   137 |   274 ||   411
Throw: Boomerang         |       |     8 |     2 |     4 ||    14
       Dart              |       |       |    15 |     6 ||    21
 Abil: Blink             |       |       |       |     4 ||     4
Evoke: Phantom mirror    |       |       |       |     1 ||     1
  Use: Scroll            |       |       |    10 |     4 ||    14
       Potion            |       |       |     1 |     1 ||     2
 Stab: Distracted        |       |       |       |     7 ||     7
  Eat: Chunk             |     1 |     7 |    15 |    14 ||    37
Armor: Scale mail        |    33 |       |       |       ||    33
       Chain mail        |    19 |   123 |   161 |   130 ||   433
Dodge: Dodged            |    29 |    63 |    82 |   178 ||   352
Block: Shield            |    55 |   112 |   156 |   299 ||   622

Table legend:
 A = Non-vault XP
 B = Vault XP
 C = Vault XP percentage of total XP
 D = Non-vault monster count
 E = Vault monster count
 F = Vault count percentage of total count
                 A         B        C        D         E       F
            +---------+---------+-------+---------+---------+-------
      Total |   24067 |    5031 |  17.3 |     343 |      33 |   8.8
            +---------+---------+-------+---------+---------+-------
        D:1 |      68 |       7 |   9.3 |      22 |       3 |  12.0
        D:2 |     172 |      24 |  12.2 |      28 |       2 |   6.7
        D:3 |     130 |      30 |  18.8 |      21 |       8 |  27.6
        D:4 |     359 |       0 |   0.0 |      22 |       0 |   0.0
        D:5 |     490 |     131 |  21.1 |      23 |       1 |   4.2
        D:6 |     882 |       0 |   0.0 |      21 |       0 |   0.0
        D:7 |     510 |     173 |  25.3 |      16 |       1 |   5.9
        D:8 |     704 |       0 |   0.0 |      18 |       0 |   0.0
        D:9 |    1120 |       0 |   0.0 |      27 |       0 |   0.0
       D:10 |    3226 |     685 |  17.5 |      39 |       2 |   4.9
       D:11 |    3286 |       0 |   0.0 |      38 |       0 |   0.0
       D:12 |    7306 |    3981 |  35.3 |      41 |      16 |  28.1
       D:13 |    5814 |       0 |   0.0 |      27 |       0 |   0.0
            +---------+---------+-------+---------+---------+-------
